 Dungeon Sprint DCSS version 0.18-a0-1196-g09327cf (webtiles) character file.

20137 Oddball22 the Fencer (level 12, -1/114 HPs)
             Began as a Demonspawn Berserker on Jan 30, 2016.
             Was the Champion of Trog.
             Slain by an entropy weaver (4 damage)
             ... in the Dungeon (Sprint IX: "|||||||||||||||||||||||||||||").
             The game lasted 00:13:57 (3110 turns).

Oddball22 the Fencer (Demonspawn Berserker)         Turns: 3110, Time: 00:13:57

Health: -1/114     AC:  2    Str: 20    XL:     12   Next: 42%
Magic:  12/12      EV: 23    Int: 10    God:    Trog [******]
Gold:   1933       SH:  0    Dex: 26    Spells: 0 memorised, 11 levels left

rFire  x . .     SeeInvis +     L - +2 triple sword of Judgement {flame, *Corrode rC+ Dex+6}
rCold  + + +     Gourm    .     B - +1 ice dragon armour
rNeg   . . .     Faith    .     (shield currently unavailable)
rPois  .         Spirit   .     (helmet unavailable)
rElec  .         Dismiss  .     (no cloak)
rCorr  .         Reflect  .     I - +1 pair of gloves {Dex+3}
SustAt .         Harm     .     F - +0 pair of boots
MR     ++...     NoTele   +     (no amulet)
Stlth  ++........               s - +2 ring of evasion
                                r - +3 ring of strength

@: exhausted, corroded equipment, regenerating, slowed, very slow, very
resistant to hostile enchantments, unstealthy
A: antennae 3, rugged brown scales 1, demonic guardian 2, nightstalker 2
a: Berserk, Trog's Hand, Brothers in Arms, Burn Spellbooks, Renounce Religion


You were in the Dungeon.
You worshipped Trog.
Trog was exalted by your worship.
You were hungry.

You visited 1 branch You collected 1933 gold pieces.

Inventory:

Hand Weapons
 y - a +4 antimagic long sword
 A - a +1 great sword of freezing
 G - the +0 long sword of Goresoud {venom, rC+ rN+ SInv}
   (Trog gifted it to you in the Dungeon)

   It poisons the flesh of those it strikes.
   It protects you from cold.
   It protects you from negative energy.
   It lets you see invisible.
 K - a +3 antimagic great sword
 L - the +2 triple sword of Judgement (weapon) {flame, *Corrode rC+ Dex+6}
   (Trog gifted it to you in the Dungeon)

   It has been specially enchanted to burn those struck by it, causing extra
   injury to most foes and up to half again as much damage against particularly
   susceptible opponents.
   Big, fiery blades are also staple armaments of hydra-hunters.
   It affects your dexterity (+6).
   It protects you from cold.
   It may corrode your equipment when you take damage.
Armour
 B - a +1 ice dragon armour (worn)
 F - a +0 pair of boots (worn)
 I - a +1 pair of gloves of dexterity (worn)
Jewellery
 b - an uncursed ring of ice
 q - an uncursed ring of protection from magic
 r - a +3 ring of strength (left hand)
 s - a +2 ring of evasion (right hand)
 x - an uncursed ring of protection from magic
 z - an uncursed ring of protection from cold
Wands
 m - a wand of lightning (7/15)
Scrolls
 i - 2 scrolls of blinking
 l - 6 scrolls of remove curse
 v - 3 scrolls of fear
 w - a scroll of fog
 J - 2 scrolls of enchant weapon
 N - 2 scrolls of enchant armour
Potions
 a - a potion of cancellation {unknown}
 d - 7 potions of curing
 e - 3 potions of heal wounds
 f - a potion of haste
 g - 4 potions of magic
 h - 2 potions of berserk rage
 j - a potion of might
 k - a potion of invisibility
 p - a potion of resistance
 t - 3 potions of agility
 u - a potion of brilliance
Comestibles
 c - 13 bread rations
 D - 45 fruits
 E - 12 meat rations


   Skills:
 - Level 16.2 Fighting
 - Level 20.1 Long Blades
 + Level 8.5 Armour
 * Level 11.8 Dodging


You had 11 spell levels left.
You didn't know any spells.

Dungeon Overview and Level Annotations

Branches:
Dungeon (1/1)

Altars:
Cheibriados
Dithmenos
Elyvilon
Fedhas
Gozag
Kikubaaqudgha
Makhleb
Nemelex Xobeh
Okawaru
Pakellas
Qazlal
Ru
Sif Muna
Trog
Vehumet
Xom
Yredelemnul
Zin
The Shining One
Beogh
Jiyva
Lugonu

Shops:
D }(((


Innate Abilities, Weirdness & Mutations

You have a pair of large antennae on your head (SInv).
You are partially covered in rugged brown scales (AC +1, +3% HP).
A demonic guardian rushes to your aid.
You are significantly more attuned to the shadows.


Message History

The stone giant misses you. The stone giant completely misses you.
You hit the stone giant but do no damage.
The stone giant is severely wounded.
The stone giant hits you!!
You slice the stone giant!! You burn the stone giant!
You kill the stone giant!
Trog accepts your kill.
The entropy weaver casts a spell.
The entropic weave corrodes you!
The entropy weaver casts a spell.
The entropic weave corrodes you! The entropy weaver hits you.
Your corrosive artefact corrodes you!
The entropy weaver hits you!
* * * LOW HITPOINT WARNING * * *
The entropy weaver hits you!
* * * LOW HITPOINT WARNING * * *
The entropy weaver hits you!
* * * LOW HITPOINT WARNING * * *
You hit the entropy weaver but do no damage.
The entropy weaver hits you.
You die...

{
▓)▓.▓[▓.▓'▓.▓?▓
{
▓)▓.▓÷▓.▓÷▓.▓|▓
{
▓)▓.▓[▓.▓†▓.▓)▓
{
▓(▓.▓)▓.▓.▓.▓[▓
▓(▓.▓.▓.▓.▓.▓.▓
{
▓(▓.▓∩▓.▓.▓.▓.▓
{
▓.▓.▓[▓.▓.▓.▓.▓
{
▓3▓.▓∩▓.▓.▓.▓.▓
{
▓@▓.▓[▓.▓.▓.▓'▓
{
▓p▓.▓∩▓.▓.▓.▓)▓
{
▓c▓.▓.▓.▓.▓.▓)▓
{
▓Q▓.▓∩▓.▓.▓.▓)▓
{
▓.▓.▓.▓.▓.▓.▓.▓
{
▓p▓.▓.▓.▓'▓.▓.▓
▓.▓.▓.▓.▓.▓.▓
{▓.▓.▓.▓.▓.▓)▓
{▓)▓.▓.▓.▓.▓.▓


You could see 2 entropy weavers, a tengu warrior, a centaur warrior and a
friendly sun demon.

Vanquished Creatures
  A very ugly thing (D)
  2 stone giants (D)
  Erolcha (D)
  A tengu warrior (D)
  A death yak (D)
  Urug (D)
  2 orc high priests (D)
  A skeletal warrior (D)
  4 hill giants (D)
  3 deep trolls (D)
  An orc knight (D)
  An orc sorcerer (D)
  An ugly thing (D)
  3 griffons (D)
  A black mamba (D)
  A gargoyle (D)
  A troll (D)
  5 polar bears (D)
  A blink frog (D)
  3 yaks (D)
  Grum (D)
  2 wolves (D)
  A vampire mosquito (D)
  A mottled dragon (D)
  2 water moccasins (D)
  2 porcupines (D)
  An ice beast (D)
  7 orc warriors (D)
  3 black bears (D)
  A centaur (D)
  A crocodile (D)
  3 giant frogs (D)
  A scorpion (D)
  A jelly (D)
  3 orc priests (D)
  A hound (D)
  5 orc wizards (D)
  2 iguanas (D)
  A worker ant (D)
  A river rat (D)
  A shadow imp (D)
  An adder skeleton (D)
  8 orcs (D)
  A bat (D)
  A goblin (D)
  A quokka (D)
  A giant newt (D)
  A quokka skeleton (D)
  3 rats (D)
93 creatures vanquished.

Vanquished Creatures (collateral kills)
  Harold (D)
  An ogre mage (D)
  2 deep trolls (D)
  A gargoyle (D)
  2 trolls (D)
  A bat skeleton (D)
8 creatures vanquished.

Vanquished Creatures (others)
  A sky beast (D)
1 creature vanquished.

Grand Total: 102 creatures vanquished

Notes
Turn   | Place    | Note
--------------------------------------------------------------
     0 | D        | Oddball22 the Demonspawn Berserker began the quest for the Orb.
     0 | D        | Reached XP level 1. HP: 18/18 MP: 1/1
    15 | D        | Reached ** piety under Trog
   136 | D        | Noticed a jelly
   136 | D        | Noticed a centaur
   139 | D        | Killed a jelly
   139 | D        | Reached *** piety under Trog
   139 | D        | Reached skill level 4 in Fighting
   139 | D        | Reached skill level 5 in Long Blades
   139 | D        | Gained mutation: You have a pair of small antennae on your head. [demonic ancestry]
   139 | D        | Reached XP level 2. HP: 26/26 MP: 2/2
   139 | D        | Reached XP level 3. HP: 31/31 MP: 3/3
   151 | D        | Killed a centaur
   151 | D        | Reached skill level 6 in Fighting
   151 | D        | Reached skill level 7 in Long Blades
   151 | D        | Gained mutation: You are slightly more attuned to the shadows. [demonic ancestry]
   151 | D        | Reached XP level 4. HP: 27/40 MP: 4/4
   309 | D        | Found a glowing silver altar of Zin.
   309 | D        | Found a glowing golden altar of the Shining One.
   309 | D        | Found an ancient bone altar of Kikubaaqudgha.
   309 | D        | Found a basalt altar of Yredelemnul.
   309 | D        | Found a shimmering altar of Xom.
   310 | D        | Found a radiant altar of Vehumet.
   311 | D        | Found an iron altar of Okawaru.
   312 | D        | Found a burning altar of Makhleb.
   313 | D        | Found a deep blue altar of Sif Muna.
   314 | D        | Found a bloodstained altar of Trog.
   315 | D        | Found a sparkling altar of Nemelex Xobeh.
   316 | D        | Found a white marble altar of Elyvilon.
   317 | D        | Found a roughly hewn altar of Beogh.
   318 | D        | Found a viscous altar of Jiyva.
   319 | D        | Found a corrupted altar of Lugonu.
   320 | D        | Found a blossoming altar of Fedhas.
   321 | D        | Found a snail-covered altar of Cheibriados.
   322 | D        | Found a shadowy altar of Dithmenos.
   323 | D        | Found a stormy altar of Qazlal.
   324 | D        | Found an opulent altar of Gozag.
   325 | D        | Found a sacrificial altar of Ru.
   326 | D        | Found an oddly glowing altar of Pakellas.
   378 | D        | Noticed an orc warrior
   378 | D        | Noticed a hill giant
   380 | D        | Noticed a yak
   386 | D        | Killed a hill giant
   386 | D        | Reached **** piety under Trog
   386 | D        | Reached skill level 9 in Fighting
   386 | D        | Reached skill level 11 in Long Blades
   386 | D        | Gained mutation: You are partially covered in rugged brown scales (AC +1, +3% HP). [demonic ancestry]
   386 | D        | Reached XP level 5. HP: 40/53 MP: 5/5
   386 | D        | Gained mutation: A weak demonic guardian rushes to your aid. [demonic ancestry]
   386 | D        | Reached XP level 6. HP: 45/60 MP: 6/6
   386 | D        | Reached XP level 7. HP: 48/65 MP: 7/7
   388 | D        | Reached skill level 12 in Long Blades
   396 | D        | Reached skill level 10 in Fighting
   399 | D        | Killed a yak
   399 | D        | Reached ***** piety under Trog
   444 | D        | Noticed a tengu warrior
   453 | D        | Killed a tengu warrior
   453 | D        | Reached skill level 13 in Long Blades
   453 | D        | Reached XP level 8. HP: 22/77 MP: 8/8
   458 | D        | Reached skill level 14 in Long Blades
   840 | D        | Noticed a black mamba
   848 | D        | Killed a black mamba
   848 | D        | Reached ****** piety under Trog
   848 | D        | Gained mutation: You have a pair of antennae on your head. [demonic ancestry]
   848 | D        | Reached XP level 9. HP: 84/84 MP: 9/9
   850 | D        | Received a gift from Trog
   850 | D        | Reached skill level 15 in Long Blades
   969 | D        | Noticed a griffon
   969 | D        | Noticed a death yak
   980 | D        | Killed a griffon
   980 | D        | Reached skill level 16 in Long Blades
   984 | D        | Noticed a griffon
   987 | D        | Killed a death yak
   987 | D        | Received a gift from Trog
   992 | D        | Noticed a griffon
   997 | D        | Gained mutation: You have a pair of large antennae on your head (SInv). [demonic ancestry]
   997 | D        | Reached XP level 10. HP: 84/94 MP: 4/10
  1004 | D        | Killed a griffon
  1004 | D        | Reached skill level 17 in Long Blades
  1013 | D        | Killed a griffon
  1335 | D        | Received a gift from Trog
  1361 | D        | Received a gift from Trog
  1368 | D        | Reached skill level 18 in Long Blades
  1487 | D        | Noticed Harold
  1500 | D        | Killed Harold
  1825 | D        | Received a gift from Trog
  1827 | D        | Noticed an orc sorcerer
  1841 | D        | Killed an orc sorcerer
  1841 | D        | Reached skill level 15 in Fighting
  1853 | D        | Received a gift from Trog
  1886 | D        | Got a shimmering long sword {god gift}
  1887 | D        | Identified the +0 long sword of Goresoud {venom, rC+ rN+ SInv} (Trog gifted it to you in the Dungeon)
  1979 | D        | Noticed an orc high priest
  1982 | D        | Noticed an orc knight
  1993 | D        | Received a gift from Trog
  1995 | D        | Noticed an orc high priest
  2002 | D        | Killed an orc high priest
  2002 | D        | Reached skill level 19 in Long Blades
  2002 | D        | Gained mutation: A demonic guardian rushes to your aid. [demonic ancestry]
  2002 | D        | Reached XP level 11. HP: 83/105 MP: 11/11
  2012 | D        | Killed an orc knight
  2028 | D        | Killed an orc high priest
  2028 | D        | Received a gift from Trog
  2244 | D        | Noticed a hill giant
  2244 | D        | Noticed a hill giant
  2244 | D        | Noticed an ogre mage
  2244 | D        | Noticed a stone giant
  2244 | D        | Noticed a deep troll
  2250 | D        | Killed a hill giant
  2251 | D        | Found Bueqad's Gadget Emporium.
  2258 | D        | Killed a stone giant
  2258 | D        | Received a gift from Trog
  2258 | D        | Reached skill level 20 in Long Blades
  2264 | D        | Killed a hill giant
  2269 | D        | Killed a deep troll
  2283 | D        | Killed an ogre mage
  2283 | D        | Received a gift from Trog
  2290 | D        | Found Hauwuty's Weapon Shoppe.
  2294 | D        | Found Eloocuyl's Antique Weapon Emporium.
  2300 | D        | Got a slimy triple sword {god gift}
  2301 | D        | Identified the +2 triple sword of Judgement {flame, *Corrode rC+ Dex+6} (Trog gifted it to you in the Dungeon)
  2508 | D        | Found Abbengoh's Weapon Shoppe.
  2508 | D        | Noticed a deep troll
  2509 | D        | Noticed a hill giant
  2509 | D        | Noticed a deep troll
  2512 | D        | Noticed a deep troll
  2515 | D        | Noticed a deep troll
  2518 | D        | Killed a deep troll
  2518 | D        | Reached skill level 5 in Dodging
  2520 | D        | Killed a hill giant
  2523 | D        | Killed a deep troll
  2527 | D        | Killed a deep troll
  2527 | D        | Reached skill level 5 in Armour
  2529 | D        | Killed a deep troll
  2529 | D        | Received a gift from Trog
  2752 | D        | Noticed Grum
  2754 | D        | Noticed Erolcha
  2756 | D        | Noticed Urug
  2759 | D        | Killed Grum
  2771 | D        | Killed Urug
  2771 | D        | Gained mutation: You are significantly more attuned to the shadows. [demonic ancestry]
  2771 | D        | Reached XP level 12. HP: 55/114 MP: 12/12
  2776 | D        | Killed Erolcha
  3074 | D        | Noticed a white very ugly thing
  3074 | D        | Received a gift from Trog
  3074 | D        | Reached skill level 10 in Dodging
  3086 | D        | Killed a white very ugly thing
  3096 | D        | Noticed a stone giant
  3098 | D        | Noticed an entropy weaver
  3100 | D        | Noticed a centaur warrior
  3102 | D        | Noticed a tengu warrior
  3105 | D        | Noticed an entropy weaver
  3108 | D        | Killed a stone giant
  3109 | D        | HP: 1/114 [entropy weaver (14)]
  3110 | D        | Slain by an entropy weaver

Vault maps used:
D:        linesprint

Action                   |  1- 3 |  4- 6 |  7- 9 | 10-12 || total
-------------------------+-------+-------+-------+-------++-------
Melee: Falchion          |    27 |     3 |       |       ||    30
       Scimitar          |       |     5 |    73 |    55 ||   133
       Long sword        |       |       |     7 |    91 ||    98
       Great sword       |       |       |       |    13 ||    13
       Triple sword      |       |       |       |    62 ||    62
Invok: Berserk           |     1 |     1 |     2 |     5 ||     9
       Trog's Hand       |       |     1 |       |     7 ||     8
       Brothers in Arms  |       |       |       |     2 ||     2
  Use: Potion            |       |       |       |     2 ||     2
  Eat: Chunk             |       |       |     3 |    13 ||    16
       Beef jerky        |       |       |       |     1 ||     1
